Map: Thunderbird LE

Players

Lambo

  • Race: Zerg Zerg
  • Spawn Location: 11:00

TIME (Oliveira) - Winner!

  • Race: Terran Terran
  • Spawn Location: 5:00

Event: 2019 WCS Summer

VOD

Have the link to the VOD?

Description

Time

  • Played on: July 12, 2019, 2:34 p.m.
  • Length: 10:50

All games in this series

Show
View Real Time Build Order
Export as new Build Order

Lambo Zerg 

Build Orders: Hatch First 

Get SALT Encoding   

  12  0:00  Drone  
  13  0:13  Overlord  
  13  0:17  Drone  
  14  0:32  Drone x2  
  16  0:48  Hatchery  
  15  0:51  Drone  
  15  0:54  Drone  
  17  0:57  Drone  
  18  1:08  Extractor  
  17  1:13  Spawning Pool  
  17  1:16  Drone  
  17  1:19  Drone  
  18  1:30  Drone  
  19  1:43  Drone  
  20  1:53  Overlord  
  20  2:00  Queen x2  
  20  2:01  Zergling x4  
  26  2:09  Metabolic Boost  
  26  2:11  Drone  
  26  2:12  Drone  
  28  2:22  Drone x2  
  30  2:38  Hatchery  
  30  2:39  Drone  
  30  2:46  Pneumatized Carapace  
  30  2:50  Drone x2  
  32  2:54  Overlord  
  32  2:58  Drone  
  33  2:59  Drone  
  33  3:05  Drone  
  35  3:09  Drone  
  36  3:13  Drone x3  
  36  3:14  Overlord  
  39  3:20  Queen  
  39  3:27  Drone  
  42  3:33  Queen  
  46  3:34  Drone x2  
  46  3:38  Drone  
  47  3:44  Drone  
  47  3:47  Overlord  
  48  3:49  Drone x3  
  48  3:50  Queen  
  48  3:54  Overlord  
  53  3:57  Queen  
  55  4:04  Evolution Chamber  
  55  4:05  Overlord  
  55  4:06  Drone x2  
  56  4:11  Overlord  
  56  4:13  Drone x2  
  56  4:16  Drone  
  56  4:17  Drone  
  60  4:21  Extractor, Evolution Chamber  
  60  4:24  Drone x3  
  59  4:25  Drone  
  59  4:30  Drone x2, Zerg Ground Armor Level 1  
  64  4:31  Drone  
  64  4:32  Drone  
  64  4:35  Drone x2  
  68  4:45  Drone x5  
  73  4:48  Zerg Melee Weapons Level 1  
  73  4:50  Extractor  
  73  4:51  Extractor  
  71  4:53  Drone  
  71  4:59  Drone x2, Hatchery  
  73  5:04  Lair  
  73  5:06  Drone x2  
  75  5:08  Drone x2  
  75  5:09  Zergling x6  
  75  5:12  Zergling x4  
  82  5:18  Zergling x4, Baneling Nest  
  82  5:19  Zergling x4  
  85  5:23  Zergling x4  
  85  5:24  Extractor  
  86  5:31  Drone x3  
  89  5:38  Zergling x2  
  89  5:40  Overlord  
  89  5:41  Overlord x2  
  89  5:43  Overlord  
  89  5:46  Overlord  
  89  5:48  Overlord  
  89  5:49  Queen  
  88  5:50  Zergling x2  
  88  5:51  Zergling x2  
  89  5:58  Zergling x8  
  89  6:02  Baneling x11  
  89  6:03  Zergling x14  
  96  6:06  Zergling x2, Baneling Nest  
  96  6:09  Zergling x4  
  88  6:11  Zergling x2  
  81  6:18  Zergling x2  
  81  6:22  Zergling x6  
  67  6:26  Zergling x2  
  63  6:33  Queen x2  
  63  6:39  Drone x3  
  70  6:42  Drone x2  
  72  6:50  Zergling x6  
  75  6:54  Zerg Ground Armor Level 2  
  75  6:55  Zerg Melee Weapons Level 2  
  75  6:58  Baneling x2  
  75  6:59  Zergling x2  
  75  7:00  Zergling x2  
  77  7:03  Centrifical Hooks  
  77  7:05  Zergling x2  
  77  7:07  Zergling x4  
  80  7:11  Zergling x6  
  83  7:16  Zergling x6  
  83  7:20  Zergling x2  
  87  7:25  Zergling x10  
  91  7:34  Zergling x4  
  92  7:41  Overlord  
  92  7:44  Zergling x2  
  92  7:45  Baneling x6  
  92  7:50  Zergling x16  
  101  7:51  Baneling x6  
  101  7:57  Drone  
  102  7:59  Zergling x8, Hatchery  
  105  8:08  Zergling x2  
  105  8:10  Zergling x4  
  105  8:12  Zergling x2  
  109  8:17  Zergling x10  
  109  8:20  Zergling x2  
  109  8:26  Drone x4  
  114  8:31  Overlord x2  
  114  8:32  Infestation Pit  
  113  8:37  Baneling x5  
  113  8:42  Drone  
  113  8:43  Overlord  
  113  8:44  Overlord  
  113  8:45  Overlord  
  113  8:50  Baneling x5, Zergling x16  
  113  8:55  Queen x2  
  125  8:58  Zergling x8  
  125  9:01  Zergling x2  
  130  9:05  Zergling x2  
  131  9:11  Zergling x4  
  131  9:14  Queen  
  131  9:15  Drone x2  
  137  9:19  Queen  
  137  9:20  Drone  
  137  9:22  Zergling x8  
  137  9:27  Zergling x6  
  137  9:29  Baneling x7  
  142  9:34  Hive  
  142  9:36  Zergling x10  
  143  9:38  Zergling x2  
  143  9:41  Baneling, Zergling x4  
  143  9:42  Baneling x2  
  145  9:45  Zergling x2  
  145  9:50  Zergling x2, Queen  
  149  9:55  Zergling x6  
  150  10:03  Zergling x12  
  150  10:05  Queen  
  155  10:07  Overlord  
  155  10:10  Overlord  
  155  10:11  Overlord  
  155  10:13  Baneling x8  
  155  10:15  Overlord  
  155  10:18  Zergling x8  
  155  10:20  Hatchery  
  152  10:22  Baneling x9  
  152  10:24  Zergling x4  
  152  10:28  Zergling x4  
Show
View Real Time Build Order
Export as new Build Order

TIME Terran - Winner!

Build Orders: Reaper Expand 

Get SALT Encoding   

  12  0:00  SCV  
  13  0:13  SCV  
  14  0:17  Supply Depot  
  14  0:25  SCV  
  15  0:38  SCV  
  15  0:40  Barracks  
  16  0:43  Refinery  
  16  0:50  SCV  
  17  1:02  SCV  
  18  1:15  SCV  
  19  1:27  Orbital Command  
  19  1:29  Reaper  
  20  1:39  Command Center  
  20  1:48  Supply Depot  
  21  1:54  SCV  
  21  2:01  Barracks Reactor  
  21  2:06  SCV  
  22  2:18  SCV  
  23  2:22  Command Center  
  23  2:30  SCV  
  23  2:33  Barracks  
  24  2:39  Marine  
  24  2:40  Marine  
  24  2:42  SCV  
  27  2:52  Factory  
  27  2:56  Orbital Command  
  27  2:58  SCV  
  28  3:04  Marine, Refinery  
  29  3:07  Marine  
  29  3:10  SCV  
  31  3:21  Barracks Tech Lab  
  31  3:22  Marine, SCV x2  
  34  3:34  SCV  
  34  3:35  SCV  
  34  3:36  Orbital Command  
  34  3:40  Stimpack  
  35  3:41  Starport  
  35  3:45  Marine  
  35  3:47  SCV  
  37  3:48  Factory Reactor, Marine  
  37  3:50  Marine  
  37  3:52  SCV  
  40  4:00  Supply Depot  
  40  4:01  SCV  
  41  4:03  SCV  
  41  4:04  Marine, SCV  
  41  4:06  Marine  
  45  4:15  SCV  
  48  4:17  SCV x2  
  48  4:18  Medivac  
  48  4:21  Marine  
  48  4:23  Supply Depot  
  51  4:25  Hellion  
  51  4:26  Hellion  
  51  4:29  SCV x2  
  51  4:30  Marine  
  58  4:31  Marine  
  58  4:34  Orbital Command  
  59  4:39  Marine  
  59  4:41  SCV  
  59  4:44  Armory  
  61  4:46  Supply Depot  
  61  4:47  Marine, Hellion x2  
  61  4:48  Medivac  
  61  4:49  SCV  
  61  4:50  Marine  
  70  4:53  SCV  
  70  4:56  Refinery  
  70  4:57  Refinery  
  70  4:58  Marine  
  72  5:01  SCV  
  72  5:02  SCV  
  72  5:05  Marine  
  72  5:06  SCV  
  76  5:09  Supply Depot  
  76  5:11  Supply Depot  
  76  5:13  Marine  
  77  5:17  Factory Tech Lab, Marine, SCV  
  79  5:22  SCV  
  79  5:23  SCV  
  79  5:26  Marine, Engineering Bay x2  
  82  5:29  SCV  
  82  5:33  Marine  
  82  5:34  SCV  
  82  5:35  Marine, Medivac x2  
  89  5:40  Combat Shield  
  90  5:43  Siege Tank  
  90  5:44  Marine  
  90  5:45  SCV  
  95  5:50  Marine  
  95  5:53  Marine  
  97  6:02  Marine  
  95  6:04  SCV  
  95  6:07  SCV  
  95  6:08  Marine  
  95  6:11  Marine  
  97  6:13  Barracks, Terran Infantry Weapons Level 1, Terran Infantry Armor Level 1  
  97  6:14  Barracks, SCV  
  97  6:15  Barracks  
  99  6:19  Marine  
  99  6:21  SCV  
  98  6:26  Marine  
  98  6:29  Siege Tank, Marine  
  98  6:30  Medivac  
  98  6:32  SCV x2  
  90  6:33  SCV  
  90  6:37  Marine, Medivac  
  94  6:43  Supply Depot  
  94  6:44  Marine, SCV x2  
  94  6:46  Marine  
  98  6:49  SCV  
  99  6:55  Marine  
  99  6:56  SCV  
  99  6:58  Refinery x2, Command Center  
  101  7:02  Barracks Reactor x2  
  101  7:04  Supply Depot  
  101  7:05  Marine, SCV, Supply Depot  
  101  7:06  Supply Depot  
  101  7:08  Marine  
  104  7:09  Barracks Reactor  
  104  7:10  SCV  
  104  7:12  SCV  
  104  7:15  Marine  
  107  7:16  Terran Vehicle Weapons Level 1, Factory  
  107  7:17  SCV  
  108  7:22  Marine  
  108  7:26  Marine  
  110  7:31  Siege Tank  
  110  7:33  Barracks  
  110  7:34  Barracks  
  110  7:35  Barracks, Marine  
  110  7:36  Medivac  
  110  7:37  Medivac  
  118  7:38  SCV  
  118  7:39  SCV  
  118  7:40  Marine x2  
  118  7:41  Supply Depot  
  118  7:43  Marine, Sensor Tower  
  123  7:45  Supply Depot  
  123  7:48  Marine x3  
  123  7:49  Marine  
  123  7:50  SCV x2  
  129  7:54  Missile Turret  
  129  7:57  Marine  
  131  8:00  Factory Tech Lab  
  131  8:04  SCV x2  
  131  8:05  Supply Depot  
  135  8:09  Siege Tank  
  135  8:11  Terran Infantry Weapons Level 2  
  135  8:12  Terran Infantry Armor Level 2  
  135  8:14  Marine  
  134  8:20  Marine x3  
  134  8:21  Marine x2  
  134  8:24  Barracks Tech Lab x3  
  139  8:27  Siege Tank  
  139  8:29  SCV  
  139  8:33  Marine x2  
  145  8:35  Medivac x2  
  145  8:37  SCV  
  145  8:41  Planetary Fortress  
  150  8:42  Marine x2  
  150  8:45  Marauder  
  154  8:48  Marine  
  154  8:49  Marauder, Marine  
  154  8:50  Marine  
  159  8:56  Marine  
  159  8:57  Marauder, Marine  
  159  9:02  Marauder, Marine  
  165  9:03  Supply Depot  
  165  9:04  Marine x2  
  165  9:06  Marauder  
  165  9:08  Supply Depot  
  169  9:11  Supply Depot  
  169  9:12  Marine  
  169  9:13  Marauder  
  172  9:23  Supply Depot  
  172  9:24  Marine x5  
  172  9:25  Marauder x2, SCV  
  172  9:26  Marine x2  
  172  9:30  Marauder, Marine  
  183  9:32  Siege Tank  
  183  9:34  Marauder  
  188  9:41  Marine  
  188  9:42  Marine x2  
  188  9:43  SCV  
  192  9:46  Marauder  
  192  9:47  Supply Depot  
  192  9:52  Marauder, Marine x3  
  198  9:53  Marine  
  198  9:55  Marine  
  200  10:11  Command Center x2  
  180  10:31  Marine x2  
Tags
 
Add a new tag
Caveats
  • Supply blocks, unpowered buildings, or Contaminate may cause inaccurate times.
  • Supply counts are checked every 10 seconds.